 Dungeon Crawl Stone Soup version 0.21-a0-67-g3f13d09 (webtiles) character file.

70 xgamer67 the Chopper (level 4, 0/33 HPs)
             Began as a Human Gladiator on June 18, 2017.
             Was an Initiate of Nemelex Xobeh.
             Slain by Crazy Yiuf
             ... wielding a +3 quarterstaff of chaos
              (1 damage)
             ... on level 2 of the Dungeon.
             The game lasted 00:03:35 (1242 turns).

xgamer67 the Chopper (Human Gladiator)              Turns: 1242, Time: 00:03:36

Health: 0/33       AC:  7    Str: 15    XL:     4   Next: 44%
Magic:  4/4        EV: 10    Int:  9    God:    Nemelex Xobeh [......]
Gold:   83         SH:  0    Dex: 14    Spells: 3/3 levels left

rFire    . . .     SeeInvis .   a - +1 war axe
rCold    . . .     Gourm    .   (no shield)
rNeg     + . .     Faith    .   q - +0 scale mail
rPois    .         Spirit   .   c - +0 helmet
rElec    .         Reflect  .   (no cloak)
rCorr    .         Harm     .   (no gloves)
MR       .....                  (no boots)
Stlth    ..........             (no amulet)
HPRegen  0.11/turn              e - ring of positive energy
MPRegen  0.09/turn              (no ring)

@: about to teleport
A: no striking features
a: Renounce Religion


You were on level 2 of the Dungeon.
You worshipped Nemelex Xobeh.
Nemelex Xobeh was noncommittal.
You were not hungry.

You visited 1 branch of the dungeon, and saw 2 of its levels.

You collected 83 gold pieces.

Inventory:

Hand Weapons
 a - a +1 war axe (weapon)
Missiles
 d - 3 throwing nets (quivered)
Armour
 c - a +0 helmet (worn)
 q - a +0 scale mail (worn)
Jewellery
 e - a ring of positive energy (left hand)
Scrolls
 j - 3 scrolls of remove curse
Potions
 g - a potion of mutation
 h - a potion of heal wounds
 i - a potion of degeneration {unknown}
 p - a potion of haste
Miscellaneous
 b - a plain deck of escape
Comestibles
 f - 2 bread rations
 o - 3 chunks of flesh
 r - a meat ration


   Skills:
 - Level 2.0 Fighting
 + Level 4.9 Axes
 - Level 2.0 Throwing
 - Level 3.0 Dodging


You had 3 spell levels left.
You didn't know any spells.

Dungeon Overview and Level Annotations

Branches:
Dungeon (2/15)

Altars:
Nemelex Xobeh

Annotations:
D:2 Crazy Yiuf


Message History

Found seven maces and a glowing mace.
Evoke which item? (* to show all) (? for menu, Esc to quit)
Okay, then.
There is an open door here.
You hit Crazy Yiuf but do no damage.
Crazy Yiuf hits you with a quarterstaff of chaos!
You barely miss Crazy Yiuf.
Crazy Yiuf hits you with a quarterstaff of chaos!
You feel strangely unstable.
You hit Crazy Yiuf.
Crazy Yiuf is moderately wounded.
Crazy Yiuf hits you but does no damage.
You hit Crazy Yiuf but do no damage.
Crazy Yiuf is moderately wounded.
Crazy Yiuf laughs, "Citrus down dark!"
Crazy Yiuf hits you with a quarterstaff of chaos!
* * * LOW HITPOINT WARNING * * *
Crazy Yiuf burns you.
You die...
Your body disappears without a glow.

#########
#........
#..≈≈≈≈.≈
#..≈≈≈..≈
#####
#.≈.≈≈≈≈≈
#).)#
####.≈≈≈≈≈≈≈
#)))#
#....≈≈≈≈≈≈≈
#)g)#
#.....≈≈≈≈..
#@#
#......≈≈≈._
♣)♣♣
#.....≈≈≈≈≈♣
♣♣)♣
#....≈≈≈≈≈≈≈
♣)♣♣
#.....≈≈≈≈≈≈
♣♣)♣
#....≈≈≈≈≈≈≈
♣♣)♣♣
#....≈.≈.≈≈≈
♣♣.♣)♣
#......≈≈≈.≈
♣....♣
#.######....
#....#
#...........


You could see Crazy Yiuf.

Vanquished Creatures
  Terence (D:2)
  A worm (D:2)
  2 dart slugs
  A leopard gecko (D:1)
  3 bats (D:1)
  2 giant cockroaches
  5 goblins
  5 hobgoblins
  6 jackals (D:1)
  2 ball pythons (D:1)
  3 frilled lizards
  3 kobolds (D:1)
  3 rats
37 creatures vanquished.

Notes
Turn   | Place    | Note
-------+----------+-------------------------------------------
     0 | D:1      | xgamer67 the Human Gladiator began the quest for the Orb.
     0 | D:1      | Reached XP level 1. HP: 16/16 MP: 1/1
    31 | D:1      | Reached XP level 2. HP: 21/22 MP: 2/2
   345 | D:1      | Reached skill level 4 in Axes
   345 | D:1      | Reached XP level 3. HP: 27/27 MP: 3/3
   761 | D:2      | Found a sparkling altar of Nemelex Xobeh.
   766 | D:2      | Noticed Terence
   774 | D:2      | Killed Terence
   774 | D:2      | Reached XP level 4. HP: 21/33 MP: 4/4
   988 | D:2      | Became a worshipper of Nemelex Xobeh the Trickster
  1003 | D:2      | Received a gift from Nemelex Xobeh
  1170 | D:2      | Found a faded altar of an unknown god.
  1233 | D:2      | Found a runed door.
  1237 | D:2      | Noticed Crazy Yiuf
  1242 | D:2      | HP: 1/33 [Crazy Yiuf/quarterstaff of chaos (13)]
  1242 | D:2      | Slain by Crazy Yiuf

Vault maps used:
D:1:      lightli_arrival_statue_moat, minivault_24
D:2:      minmay_door_path, nemelex_xobeh_ov_fountains_minmay,
          chequers_ecumenical_altar_island, first_bread, uniq_terence,
          uniq_crazy_yiuf_cottage

Skill      XL: |  1  2 |
---------------+-------+-----
Axes           | 4 |  4.9
Fighting       | |  2.0
Throwing       | |  2.0
Dodging        | |  3.0

Action                   |  1- 3 |  4- 6 || total
-------------------------+-------+-------++-------
Melee: War axe           |    75 |    36 ||   111
  Use: Scroll            |       |     7 ||     7
  Eat: Chunk             |       |     1 ||     1
Armor: Leather armour    |     7 |       ||     7
       Ring mail         |    29 |       ||    29
       Scale mail        |       |    19 ||    19
Dodge: Dodged            |    56 |    17 ||    73
